AoeStats
← 赢嘤嘤嘤嘤因

Arena

510748305Analyzed
4v4 RM · 10h ago on Oct 2, 2026· 12m 54s· 8 players
Game mode
Random Map
Map size
Large (8 player)
Population
200
Speed
Normal
Resources
Standard
Victory
Conquest
Starting age
Dark Age
Ending age
Imperial Age
RankedLock teamsTeams togetherTeam positionsShared explorationLock speedFull tech treeHidden civsTurbo modeCheats
Victory
Defeat
🇨🇳 Chinese · China
1051
+12
🇨🇳 Poles · China
1034
+12
🇦🇷 Teutons · Argentina
888
+18
🇫🇷 Turks · France
886
+19
🇵🇰 Khmer · Pakistan
988
-17
🇨🇳 Mongols · China
964
-16
🇵🇪 Hindustanis · Peru
925
-14
🇵🇰 Turks · Pakistan
913
-14
Just_jawad
0:26 Loom
雨落
9:19 Feudal Age
10:02 Feudal Age
14:34 Castle Age
12:58 Double-Bit Axe
Sherdil
Juminican
orod
14:21 Feudal Age
Silver
11:23 Feudal Age
赢嘤嘤嘤嘤因
10:20 Feudal Age
8:37 Loom
Im Noob
10:45 Feudal Age
10:09 Loom
Connection lost

Rejoining the realm…

Still unreachable

The connection could not be restored.

Session expired

The server has moved on; the page needs a fresh start.